 Dungeon Crawl Stone Soup version 0.31-a0-44-g49d609d0da (webtiles) character file.

Game seed: 8197779253038582741

0 porpoise the Vexing (level 1, -2/10 HPs)
             Began as a Deep Elf Enchanter on May 20, 2023.
             Slain by a goblin
             ... wielding a +0 dagger
              (4 damage)
             ... on level 1 of the Dungeon.
             The game lasted 00:00:44 (97 turns).

porpoise the Vexing (Deep Elf Enchanter)              Turns: 97, Time: 00:00:45

Health: -2/10      AC:  2    Str:  5    XL:     1   Next: 8%
Magic:  6/6        EV: 12    Int: 19    God:
Gold:   23         SH:  0    Dex: 15    Spells: 6/6 levels left

rFire   . . .        a - +1 dagger
rCold   . . .        (no shield)
rNeg    . . .        b - +0 robe
rPois   .            (no helmet)
rElec   .            (no cloak)
rCorr   .            (no gloves)
SInv    .            (no boots)
Will    .....        (no amulet)
Stlth   ++           (no ring)
HPRegen 0.21/turn    (no ring)
MPRegen 0.10/turn

%: no passive effects
@: no status effects
A: no striking features
a: no special abilities


You were on level 1 of the Dungeon.
You visited 1 branch of the dungeon, and saw 1 of its levels.

You collected 23 gold pieces.

Inventory:

Hand Weapons
 a - a +1 dagger (weapon)
Armour
 b - a +0 robe (worn)
Potions
 c - 2 potions of invisibility
 d - a potion of ambrosia {unknown}
 e - a potion of cancellation {unknown}
 f - a potion of degeneration {unknown}
 g - 2 potions of lignification {unknown}


   Skills:
 + Level 0.0 Fighting
 - Level 1.0 Short Blades
 - Level 2.4 Dodging
 + Level 3.6 Stealth
 * Level 3.0 Spellcasting
 * Level 4.0 Hexes


You had 6 spell levels left.
You didn't know any spells.
Your spell library contained the following spells:

 Spells                   Type           Power      Damage    Failure   Level
 Confusing Touch          Hex            18%        N/A       9%          3
 Tukima's Dance           Hex            18%        N/A       9%          3
 Ensorcelled Hibernation  Hex/Ice        20%        N/A       10%         2
 Dazzling Flash           Conj/Hex       20%        N/A       21%         3


Dungeon Overview and Level Annotations

Branches:
Dungeon (1/15)

Altars:


Message History

e - a dark potion
f - a ruby potion
g - a white potion You now have 23 gold pieces (gained 12).
You open the door.
There is an open door here.
You open the door.
There is an open door here.
g - 2 white potions (gained 1)
A goblin and a hobgoblin come into view.
The hobgoblin shouts!
The goblin shouts!
The goblin hits you with a +0 dagger.
You closely miss the goblin. You hit the goblin.
The goblin is severely wounded.
The goblin hits you but does no damage.
You closely miss the goblin.
The goblin is severely wounded.
The goblin hits you with a +0 dagger.
You hit the goblin but do no damage.
The goblin is severely wounded.
The goblin hits you with a +0 dagger.
You completely miss the goblin.
The goblin is severely wounded.
The hobgoblin barely misses you. The goblin barely misses you.
You hit the goblin.
The goblin is almost dead.
The hobgoblin closely misses you. The goblin misses you.
You barely miss the goblin.
The goblin is almost dead.
The hobgoblin hits you. The goblin hits you with a +0 dagger.
* * * LOW HITPOINT WARNING * * *
You closely miss the goblin.
The goblin is almost dead.
The hobgoblin closely misses you. The goblin misses you.
You closely miss the goblin.
The goblin is almost dead.
The hobgoblin barely misses you. The goblin hits you with a +0 dagger.
You die...

..............#
.....##...##..#
#...##.....#..#
...## #...##..#
####
#......#######
####
#.###........####
...# #.#
#####.....g.#
##.# ##'##
#g##.##.# ##.#
##...## #@# #
##.###.....## #g#
##.##.......# #.#
...#.........#
#..
...'.........+
...
...#.........#
##..
.#.##.......## #.
.#.###.....## #.
.#.# ##...##


You could see a hobgoblin and a goblin.

Vanquished Creatures
  A kobold (D:1)
1 creature vanquished.

Notes
Turn   | Place    | Note
-------+----------+-------------------------------------------
     0 | D:1      | porpoise the Deep Elf Enchanter began the quest for the
                  | Orb.
     0 | D:1      | Reached XP level 1. HP: 10/10 MP: 6/6
    97 | D:1      | Slain by a goblin

Illustrated notes

Levels and vault maps discovered:
D:1:      dpeg_arrival_stonehenge_8_columns, layout_loops_corners

Action                     || total
---------------------------++-------
  Melee: Dagger            ||    14
 Armour: Robe              ||     1
  Dodge: Dodged            ||     8

Table legend: (Time is in decaauts)
 A = Elapsed time spent in this place.
 B = Non-inter-level travel time spent in this place.
 C = Inter-level travel time spent in this place.
 D = Time resting spent in this place.
 E = Time spent auto-exploring this place.
 F = Levels seen in this place.
 G = Mean time per level.
                   A        B        C        D        E       F      G
               +--------+--------+--------+--------+--------+-----+--------+
         Total |     96 |     96 |      0 |     15 |     58 |   1 |   96.0 |
       Dungeon |     96 |     96 |      0 |     15 |     58 |   1 |   96.0 |
               +--------+--------+--------+--------+--------+-----+--------+

Top non-repeatable levels by time:
     D:1: 96 daAuts
